 Seeded DCSS version 0.29-a0-22-gbf593b16ee (webtiles) character file.

Game seed: 15192220789535338473 (custom seed)

3 innerfire433 the Magician (level 1, -1/15 HPs)
             Began as a Demonspawn Wanderer on Jan 29, 2022.
             Succumbed to a goblin's poison
             ... on level 1 of the Dungeon.
             The game lasted 00:00:17 (112 turns).

innerfire433 the Magician (Demonspawn Wanderer)      Turns: 112, Time: 00:00:18

Health: -1/15      AC:  6    Str:  9    XL:     1   Next: 41%
Magic:  4/4        EV:  9    Int: 13    God:
Gold:   14         SH:  0    Dex: 15    Spells: 6/6 levels left

rFire   . . .      SeeInvis .   a - +2 spear
rCold   . . .      Faith    .   (no shield)
rNeg    . . .      Spirit   .   d - +0 ring mail
rPois   .          Reflect  .   (no helmet)
rElec   .          Harm     .   (no cloak)
rCorr   .          Rampage  .   b - +0 pair of gloves
Will    .....                   (no boots)
Stlth   +.........              (no amulet)
HPRegen 0.05/turn               (no ring)
MPRegen 0.09/turn               (no ring)

@: lethally poisoned (-1 -> -19)
A: no striking features
a: no special abilities


You were on level 1 of the Dungeon.
You visited 1 branch of the dungeon, and saw 1 of its levels.

You collected 14 gold pieces.

Inventory:

Hand Weapons
 a - a +2 spear (weapon)
Armour
 b - a +0 pair of gloves (worn)
 c - a +0 robe
 d - a +0 ring mail (worn)


   Skills:
 + Level 1.1 Fighting
 + Level 2.7 Polearms
 + Level 1.1 Stealth
 + Level 3.0 Spellcasting
 + Level 2.0 Conjurations


You had 6 spell levels left.
You didn't know any spells.
Your spell library contained the following spells:

 Spells                   Type           Power      Damage    Failure   Level
 Searing Ray              Conj           14%        2d5       38%         2
 Static Discharge         Conj/Air       4%         N/A       54%         2


Dungeon Overview and Level Annotations

Branches:
Dungeon (1/15)

Altars:


Message History

You see here a +0 ring mail.
d - a +0 ring mail You closely miss the quokka.
The quokka bites you but does no damage.
You hit the quokka.
The quokka is almost dead.
The quokka bites you.
You hit the quokka.
You kill the quokka!
No target in view!
You start removing your armour.
You continue taking off your +0 robe. x4
You finish taking off your +0 robe.
You start putting on your armour.
You continue putting on your +0 ring mail. x5
You finish putting on your +0 ring mail.
HP restored.
A goblin comes into view. It is wielding a +2 dagger of venom.
A goblin is nearby!
Found 18 gold pieces.
The goblin shouts!
No target in view!
No target in view!
No target in view!
A goblin is nearby!
You barely miss the goblin. The goblin hits you but does no damage.
You are poisoned.
You hit the goblin.
The goblin is heavily wounded.
You feel sick.
The goblin hits you with a +2 dagger of venom.
You are lethally poisoned!
You barely miss the goblin.
The goblin is heavily wounded.
You feel sick. The goblin hits you but does no damage.
You are more poisoned.
You hit the goblin.
You kill the goblin!
* * * LOW HITPOINT WARNING * * *
You feel very sick.
You die...

....## .. #.#.#.#..## #.
.........# #. .#
#.#.#.#..## #. ...
.........##########.
#.#.#.#.#^#...........#.
.............########.#.
.#.#.#.#.#.#†# #.#.
.......@.....# #.#.
#.#.#(#.#.#..# #.#†
.$.........#.# #...
.#.#.#.#.#.#.# ###.
..........##.# ###.
#.#.#.#.#.##.# #...
..........##.# #.#.
.#.#.#.#.....# ######.#.
.....#####. .........


There were no monsters in sight!

Vanquished Creatures
  A goblin (D:1)
  A quokka (D:1)
  A ball python (D:1)
3 creatures vanquished.

Notes
Turn   | Place    | Note
-------+----------+-------------------------------------------
     0 | D:1      | innerfire433 the Demonspawn Wanderer began the quest for
                  | the Orb.
     0 | D:1      | innerfire433 set off with the following items: a +2 spear,
                  | a +0 pair of gloves, a +0 robe; and the following spells
                  | available to memorise: Searing Ray, Static Discharge
     0 | D:1      | Reached XP level 1. HP: 15/15 MP: 4/4
   112 | D:1      | Succumbed to a goblin's poison

Illustrated notes

Levels and vault maps discovered:
D:1:      dpeg_arrival_rooms_c, layout_loops_ring,
          shapermc_ecumenical_altar_starsandcircs, minivault_23, hex_large,
          wander_ebering_terrifying_dragon_lair

Action                   || total
-------------------------++-------
Melee: Spear             ||     8
Armor: Ring mail         ||     2
       Robe              ||     1

Table legend: (Time is in decaauts)
 A = Elapsed time spent in this place.
 B = Non-inter-level travel time spent in this place.
 C = Inter-level travel time spent in this place.
 D = Time resting spent in this place.
 E = Time spent auto-exploring this place.
 F = Levels seen in this place.
 G = Mean time per level.
                   A        B        C        D        E       F      G
               +--------+--------+--------+--------+--------+-----+--------+
         Total |    111 |    111 |      0 |      0 |     80 |   1 |  111.0 |
       Dungeon |    111 |    111 |      0 |      0 |     80 |   1 |  111.0 |
               +--------+--------+--------+--------+--------+-----+--------+

Top non-repeatable levels by time:
     D:1: 111 daAuts
